 Dungeon Crawl Stone Soup version 0.28.0-53-g5a82cb258f (webtiles) character file.

Game seed: 11772864949936111514

16434 Gabide the Quickloader (level 12, -6/91 HPs)
             Began as a Barachi Hunter on May 23, 2022.
             Was an Elder of Trog.
             Killed by vampiric draining
             ... invoked by a vampire
              (18 damage)
             ... on level 12 of the Dungeon.
             The game lasted 00:41:57 (18552 turns).

Gabide the Quickloader (Barachi Hunter)            Turns: 18552, Time: 00:41:58

Health: -6/91      AC: 15    Str: 13    XL:     12   Next: 37%
Magic:  12/12      EV: 22    Int: 12    God:    Trog [****..]
Gold:   425        SH:  0    Dex: 18    Spells: 11/11 levels left

rFire   + + .      SeeInvis +   D - +1 flail "Rerr" {vorpal, rElec rC+ rCorr SInv}
rCold   + + .      Faith    .   (no shield)
rNeg    . . .      Spirit   .   F - +4 scale mail {rF+}
rPois   .          Reflect  .   e - +2 helmet
rElec   +          Harm     .   M - scarf {rC+ rF+}
rCorr   +          Rampage  .   u - +0 pair of gloves
Will    .....                   (no boots)
Stlth   ..........              (no amulet)
HPRegen 0.25/turn               c - +4 ring of evasion
MPRegen 0.13/turn               o - +4 ring of evasion

@: slow
A: amphibious, slowness 1, strong legs 1, +LOS
a: Hop, Renounce Religion, Berserk, Trog's Hand, Brothers in Arms


You were on level 12 of the Dungeon.
You worshipped Trog.
Trog was greatly pleased with you.
You visited 1 branch of the dungeon, and saw 12 of its levels.
You also visited: Ossuary.

You collected 867 gold pieces.
You spent 442 gold pieces at shops.

Inventory:

Hand Weapons
 a - a +2 hand crossbow of freezing
 b - a +2 dagger of venom
 D - the +1 flail "Rerr" (weapon) {vorpal, rElec rC+ rCorr SInv}
   (You found it on level 10 of the Dungeon)

   It inflicts extra damage upon your enemies.
   rC:        It protects you from cold.
   rElec:     It insulates you from electricity.
   SInv:      It lets you see invisible.
   rCorr:     It protects you from acid and corrosion.
Missiles
 d - 61 bolts
Armour
 e - a +2 helmet (worn)
 u - a +0 pair of gloves (worn)
 F - a +4 scale mail of fire resistance (worn)
 G - a +2 chain mail of poison resistance
 M - a scarf of resistance (worn)
Jewellery
 c - a +4 ring of evasion (left hand)
 o - a +4 ring of evasion (right hand)
 s - a ring of flight
 K - a ring of fire
Wands
 w - a wand of flame (45)
 y - a wand of iceblast (15)
Scrolls
 f - 6 scrolls of immolation
 i - 2 scrolls of fear
 j - 2 scrolls of brand weapon
 k - 2 scrolls of blinking
 p - 2 scrolls of noise
 q - a scroll of vulnerability
 x - a scroll of amnesia {unknown}
 I - a scroll of acquirement {unknown}
 N - a scroll of magic mapping {unknown}
 O - 2 scrolls of fog
Potions
 h - 2 potions of curing
 l - a potion of might
 t - 2 potions of flight
 v - 2 potions of magic
 z - 3 potions of attraction
 A - 2 potions of haste
 B - 2 potions of resistance
 C - 2 potions of lignification
 E - a potion of degeneration
 J - 2 potions of mutation


   Skills:
 - Level 7.0 Fighting
 - Level 10.0 Short Blades
 + Level 14.2 Crossbows
 - Level 5.0 Armour
 - Level 10.0 Dodging
 - Level 0.8 Stealth


You had 11 spell levels left.
You didn't know any spells.
Your spell library contained the following spells:

 Spells                   Type           Power      Damage    Failure   Level
 Animate Skeleton         Necr           0%         N/A       80%         1
 Pain                     Necr           0%         1d4       80%         1
 Vampiric Draining        Necr           0%         2d6       99%         3
 Malign Gateway           Summ/Tloc      0%         N/A       100%        7
 Summon Horrible Things   Summ           0%         N/A       100%        8


Dungeon Overview and Level Annotations

Branches:
Dungeon (12/15)            Temple (0/1) D:5            Lair (0/6) D:9
    Orc (0/2) D:10        Ossuary (visited)

Altars:
Dithmenos
Fedhas
Gozag
Kikubaaqudgha
Qazlal
Trog
Uskayaw
Vehumet
Wu Jian
Yredelemnul
The Shining One

Shops:
D:2 *   D:4 [(*=

Annotations:
D:4 3 runed translucent doors, Eitelfritz's ghost, amateur DsGl
D:8 3 runed translucent doors, Tali's ghost, novice DsBe
D:10 2 runed translucent doors, Peloso's ghost, journeyman MiFi


Innate Abilities, Weirdness & Mutations

You are amphibious.
You cover ground slowly.
You can hop short distances.
You have an extended range of vision and can be seen from far away.


Message History

Press: ? - help, Q - select action, (/) - cycle Shift-Dir - straight line, f/p - vampire
Aim: a vampire (moderately damaged, slightly transparent, 64% to hit)
You throw a throwing net.
The throwing net closely misses the vampire.
The vampire closely misses you. The vampire completely misses you.
Aiming: Iceblast
Press: ? - help, Shift-Dir - straight line, p - vampire The mass of ice explodes!
The iceblast engulfs the vampire!
The vampire partially resists.
The vampire is severely damaged.
The vampire hits you but does no damage.
The vampire bites you.
* * * LOW HITPOINT WARNING * * *
The vampire draws strength from your injuries!
That's the wrong kind of item! (Use * to select it.) Evoke which item? (* to show all) (? for menu, Esc to quit)
Okay, then.
You can't go up here!
Aiming: Iceblast
Press: ? - help, Shift-Dir - straight line The mass of ice explodes!
The iceblast engulfs the vampire.
The vampire partially resists.
The vampire is almost destroyed.
The vampire closely misses you. The vampire barely misses you.
Unknown command.
Aiming: Iceblast
Press: ? - help, Shift-Dir - straight line The mass of ice explodes!
The iceblast engulfs the vampire but does no damage.
The vampire is almost destroyed.
The vampire draws life force from you!
* * * LOW HITPOINT WARNING * * *
The vampire is healed by the life force!
Aiming: Iceblast
Press: ? - help, Shift-Dir - straight line The mass of ice explodes!
The iceblast engulfs the vampire.
The vampire partially resists.
The vampire is severely damaged.
The vampire draws life force from you!!
You die...

#...........(.......###
#............######.#
#............# #.#
#...........)# #.#
#............# #.#
###..........).# #.#
...............# #.#
...$....$......# #.#
#......@......# #.#
#.....V.......#
#.............#
#...(.........#
#..(#######..(# ## #...
#..<# .. #(. #...# ..
#. #...# .. # #...# ..


You could see a vampire (invisible).

Vanquished Creatures
  3 two-headed ogres
  Pikel (D:9)
  A deep elf pyromancer (D:11)
  A cyclops (D:12)
  An ugly thing (D:11)
  A gargoyle (D:11)
  2 komodo dragons (D:10)
  2 unseen horrors (D:11)
  A kobold demonologist (D:12)
  5 trolls
  2 hornets
  4 shadows
  17 yaks
  3 wyverns
  Grum (D:9)
  3 vampire mosquitoes (D:11)
  2 steam dragons (D:7)
  2 acid dragons
  A two-headed ogre zombie (D:10)
  2 sky beasts (D:5)
  An ice beast (D:7)
  5 orc warriors
  2 necrophages
  An ogre (D:5)
  3 black bears
  2 wolves (D:9)
  4 centaurs
  4 lemures
  3 kobold brigands
  5 bullfrogs
  8 scorpions
  A water moccasin zombie (D:6)
  A troll zombie (D:10)
  8 wights
  2 bullfrog zombies
  3 jellies
  5 centaur zombies
  2 hounds
  2 centaur skeletons
  A gnoll shaman (D:5)
  5 orc priests
  An iguana (D:4)
  Natasha (thrice) (D:3)
  5 orc wizards
  5 ogre zombies (D:10)
  8 mummies (Ossuary)
  A howler monkey zombie (D:7)
  5 gnolls (D:5)
  8 adders
  2 white imps
  2 ufetubi
  4 dart slugs
  28 orcs
  4 ball pythons
  15 endoplasms
  3 giant cockroaches
  8 goblins
  10 hobgoblins
  12 jackals
  7 quokkas
  9 bats
  4 frilled lizards (D:1)
  2 gnoll zombies (Ossuary)
  A goblin skeleton (D:10)
  3 goblin zombies (D:10)
  6 hobgoblin zombies
  20 kobolds
  A kobold zombie (Ossuary)
  2 orc skeletons (D:10)
  18 orc zombies
  A quokka skeleton (D:4)
  11 rats
332 creatures vanquished.

Vanquished Creatures (collateral kills)
  A shadow (D:10)
  A vampire (D:10)
  A phantom (D:10)
3 creatures vanquished.

Vanquished Creatures (others)
  16 fungi
  12 plants (D:9)
  10 toadstools (D:4)
38 creatures vanquished.

Grand Total: 373 creatures vanquished

Notes
Turn   | Place    | Note
-------+----------+-------------------------------------------
     0 | D:1      | Gabide the Barachi Hunter began the quest for the Orb.
     0 | D:1      | Reached XP level 1. HP: 17/17 MP: 1/1
   155 | D:1      | Reached XP level 2. HP: 23/23 MP: 2/2
   395 | D:1      | Reached XP level 3. HP: 28/28 MP: 3/3
   426 | D:1      | Reached skill level 5 in Crossbows
  1281 | D:2      | Found Yridong's General Store.
  1288 | D:2      | Bought a scroll of teleportation for 36 gold pieces
  1317 | D:2      | Reached XP level 4. HP: 28/34 MP: 4/4
  1622 | D:2      | Found an ancient bone altar of Kikubaaqudgha.
  2030 | D:2      | Found a faded altar of an unknown god.
  2359 | D:2      | Prayed at the altar of an unknown god.
  2359 | D:2      | Became a worshipper of Trog the Wrathful
  2359 | D:2      | Reached * piety under Trog
  2380 | D:3      | Reached skill level 6 in Crossbows
  2391 | D:3      | Reached XP level 5. HP: 30/39 MP: 5/5
  2501 | D:3      | Found a blossoming altar of Fedhas.
  2559 | D:3      | Found a basalt altar of Yredelemnul.
  3043 | D:3      | Noticed Natasha
  3055 | D:3      | Killed Natasha
  3506 | D:3      | Found an opulent altar of Gozag.
  3700 | D:3      | Found a stormy altar of Qazlal.
  3798 | D:3      | Noticed Natasha
  3810 | D:3      | Killed Natasha
  3811 | D:3      | Reached skill level 7 in Crossbows
  3873 | D:3      | Noticed Natasha
  3879 | D:3      | Killed Natasha
  3880 | D:3      | Reached XP level 6. HP: 42/46 MP: 6/6
  3969 | D:4      | Found Juguug's Weapon Shop.
  4070 | D:4      | Found Xuhamuul's Jewellery Shoppe.
  4129 | D:4      | Found an ornate altar of the Wu Jian Council.
  4152 | D:4      | Found Ellin's Assorted Antiques.
  4162 | D:4      | Bought a golden ring for 120 gold pieces
  4204 | D:4      | Found Zena's Jewellery Boutique.
  4321 | D:4      | Reached ** piety under Trog
  4889 | D:4      | Found Toyfu's Armour Shoppe.
  4932 | D:4      | Noticed Eitelfritz's ghost (amateur DsGl)
  4944 | D:4      | Found a runed translucent gate.
  4944 | D:4      | Found a runed translucent gate.
  4946 | D:4      | Found a runed translucent gate.
  5145 | D:4      | Found a glowing golden altar of the Shining One.
  5301 | D:5      | Entered Level 5 of the Dungeon
  5308 | D:5      | Noticed a sky beast
  5315 | D:5      | Killed a sky beast
  5316 | D:5      | Reached skill level 8 in Crossbows
  5316 | D:5      | Reached XP level 7. HP: 51/51 MP: 7/7
  5566 | D:5      | Noticed a shadow
  5590 | D:5      | Killed a shadow
  5591 | D:5      | Reached skill level 9 in Crossbows
  5914 | D:5      | Reached XP level 8. HP: 18/57 MP: 8/8
  5990 | D:5      | Reached skill level 10 in Crossbows
  6337 | D:5      | Reached skill level 1 in Armour
  6420 | D:5      | Found an ancient bone altar of Kikubaaqudgha.
  6884 | D:5      | Found a staircase to the Ecumenical Temple.
  7232 | D:6      | Reached skill level 5 in Armour
  7384 | D:6      | Reached skill level 5 in Fighting
  7565 | D:6      | Found a bloodstained altar of Trog.
  7639 | D:6      | Noticed a wyvern
  7647 | D:6      | Killed a wyvern
  7648 | D:6      | Reached XP level 9. HP: 66/71 MP: 9/9
  7687 | D:6      | Noticed a +0 hand axe
  7687 | D:6      | Noticed a +0 dagger
  7688 | D:6      | Found a hide-covered altar of Uskayaw.
  7744 | D:6      | Reached *** piety under Trog
  7900 | D:6      | Found a shadowy altar of Dithmenos.
  8521 | D:7      | Reached skill level 5 in Dodging
  8766 | D:7      | Found a sand-covered staircase.
  8771 | Ossuary  | Entered an ossuary
  9538 | D:4      | Bought a +3 scale mail of fire resistance for 286 gold
                  | pieces
  9680 | D:8      | Identified the +0 ring mail of the Nine Prophets {-Tele
                  | Dex+4 Stlth+}
 10372 | D:7      | Reached XP level 10. HP: 69/79 MP: 10/10
 10732 | D:8      | Reached skill level 10 in Dodging
 10743 | D:8      | Reached skill level 1 in Short Blades
 11012 | D:8      | Paralysed by a hornet for 2 turns
 11042 | D:8      | Reached **** piety under Trog
 11243 | D:8      | Found a runed translucent gate.
 11243 | D:8      | Found a runed translucent gate.
 11244 | D:8      | Found a runed translucent gate.
 11245 | D:8      | Noticed Tali's ghost (novice DsBe)
 11245 | D:8      | Noticed a kobold demonologist
 11408 | D:9      | Found a radiant altar of Vehumet.
 11603 | D:9      | Noticed Grum
 11623 | D:9      | Killed Grum
 11698 | D:8      | Reached skill level 5 in Short Blades
 11700 | D:9      | Noticed Pikel
 12465 | D:9      | Killed Pikel
 12539 | D:9      | Found a staircase to the Lair.
 12824 | D:10     | Entered Level 10 of the Dungeon
 12893 | D:10     | Noticed a two-headed ogre
 12911 | D:10     | Killed a two-headed ogre
 12912 | D:10     | Reached XP level 11. HP: 56/84 MP: 11/11
 13518 | D:10     | Reached skill level 10 in Short Blades
 14452 | D:10     | Found a staircase to the Orcish Mines.
 14541 | D:10     | Reached skill level 11 in Crossbows
 14888 | D:10     | Found a large runed translucent door.
 14890 | D:10     | Found a large runed translucent door.
 14892 | D:10     | Noticed Peloso's ghost (journeyman MiFi)
 15252 | D:10     | Identified the +1 flail "Rerr" {vorpal, rElec rC+ rCorr
                  | SInv}
 15623 | D:11     | Noticed a red ugly thing
 15635 | D:11     | Killed a red ugly thing
 16025 | D:11     | Noticed a deep elf pyromancer
 16028 | D:11     | Noticed a two-headed ogre
 16050 | D:11     | Reached skill level 12 in Crossbows
 16108 | D:11     | Killed a deep elf pyromancer
 17301 | D:11     | Reached XP level 12. HP: 91/91 MP: 12/12
 17318 | D:11     | Reached skill level 13 in Crossbows
 17331 | D:11     | Paralysed by a hornet for 3 turns
 17597 | D:11     | Killed a two-headed ogre
 18374 | D:12     | Noticed a two-headed ogre
 18390 | D:12     | Killed a two-headed ogre
 18391 | D:12     | Reached skill level 14 in Crossbows
 18552 | D:12     | Killed from afar by a vampire

Illustrated notes

Levels and vault maps discovered:
D:1:      dpeg_arrival_central, layout_rooms, minmay_misc_feat_pillars,
          hangedman_decor_growths, minmay_misc_feat_enclosed, minmay_ruptured
D:2:      layout_basic, basic_altar, ebering_ecumenical_altar_hall,
          serial_forest, infiniplex_forest_side_room,
          infiniplex_forest_straight_3, infiniplex_forest_clump_small,
          infiniplex_forest_corner_1, infiniplex_forest_straight_4,
          infiniplex_forest_straight_3, infiniplex_forest_lined_corner,
          serial_shops, nicolae_shop_trees, minmay_crystal_room,
          serial_bayou_crossing
D:3:      layout_loops_ring, nicolae_gozag_cash_rules_everything_around_me,
          amcnicky_altar_gilded, mainiacjoe_overflow_cross_hatched,
          mainiacjoe_overflow_24_doors, kennysheep_nondescript,
          lemuel_old_faithful, uniq_natasha
D:4:      cheibrodos_fertilizer, layout_cave_pools, lemuel_doored_altar,
          kennysheep_mini, gammafunk_ghost_split, serial_shops,
          nicolae_shop_hallway_stairs, nicolae_square_shop, shop, shop, shop,
          dk_rats_in_the_wall
D:5:      layout_loops_ring, kiku_gazebo_pond_becter, lemuel_temple_firewalk_a,
          st_stairs_14
D:6:      layout_loops_cross, mainiacjoe_overflow_concentric_impassable,
          mainiacjoe_overflow_six_doors_small, dancing_weapons_uskayaw
D:7:      layout_cave_pools, enter_ossuary_2
D:8:      layout_basic, enter_bailey_5, gammafunk_ghost_nasty_kobolds,
          grunt_ministairs_9
D:9:      layout_cave_pools, nicolae_vehumet_altar_sigil,
          grunt_lair_entry_orc_guard_hut, grunt_ministairs_13, uniq_grum,
          uniq_pikel
D:10:     layout_grid_maze, zombieorc2_lemuel, ebering_ghost_disaster_area
D:11:     minmay_four_partial_circles, layout_loops_ring
D:12:     layout_long_grid

Skill      XL: |  1  2  3  4  5  6  7  8  9 10 11 12 |
---------------+-------------------------------------+-----
Crossbows      | 5 6 7 8 9 10 12 14 | 14.2
Armour         | 5 |  5.0
Fighting       | 6 7 |  7.0
Dodging        | 8 10 | 10.0
Short Blades   | 8 10 | 10.0
Stealth        | |  0.8

Action                   |  1- 3 |  4- 6 |  7- 9 | 10-12 || total
-------------------------+-------+-------+-------+-------++-------
Melee: Short sword       |    84 |   246 |       |       ||   330
       Punch             |       |     1 |     7 |    13 ||    21
       Dagger            |       |       |   220 |   621 ||   841
       Flail             |       |       |       |    96 ||    96
       Hand crossbow     |       |       |       |     3 ||     3
 Fire: Hand crossbow     |    56 |    75 |   196 |   338 ||   665
Throw: Throwing net      |       |       |       |     4 ||     4
Invok: Berserk           |       |     2 |     2 |     1 ||     5
       Trog's Hand       |       |       |       |     5 ||     5
       Brothers in Arms  |       |       |       |     2 ||     2
 Abil: Hop               |     1 |     5 |     6 |    13 ||    25
Evoke: Wand              |       |       |       |     5 ||     5
  Use: Scroll            |     1 |     4 |     8 |    19 ||    32
       Potion            |       |       |       |    14 ||    14
 Stab: Sleeping          |       |     1 |       |       ||     1
       Invisible         |       |       |       |     5 ||     5
Armor: Leather armour    |     3 |       |       |       ||     3
       Ring mail         |    36 |   112 |    46 |       ||   194
       Scale mail        |       |       |    27 |   228 ||   255
Dodge: Dodged            |    61 |   241 |   197 |   827 ||  1326
